General information
- name: BNet
- type: Ladder team game (AT/RT)
- host: Battle.net
- saver: FATNlGGERLOVER
map: GolemsInTheMist
- players: 8
- length: 39:34
- speed: Fast
- version: 1.26 W3XP
- replay type: Public
» download(218 KB)
Players
team 1 (winner)

»
listen_2_blink (
purple | 35 APM | 789 actions | 22:26)
5 Archmage
3 Summon Water Elemental
2 Brilliance Aura
3 Mountain King
2 Storm Bolt
1 Bash
» actions
| Assign group hotkey | 17 | |
| Build / train | 66 | |
| Enter build submenu | 18 | |
| Enter hero's abilities submenu | 8 | |
| Remove unit from queue | 3 | |
| Right click | 251 | |
| Select / deselect | 236 | |
| Select group hotkey | 137 | |
| Use ability | 53 | |
789 total
» units
| Peasant | 30 | |
| Rifleman | 6 | |
| Knight | 2 | |
| Goblin Zeppelin | 1 | |
| Dragonhawk Rider | 1 | |
| Gryphon Rider | 4 | |
44 total
» upgrades
| Gunpowder | 1 | |
| Long Rifles | 1 | |
| Masonry | 1 | |
| Cloud | 1 | |
| Animal War Training | 1 | |
| Swords | 2 | |
7 total
» buildings
| Altar of Kings | 1 | |
| Farm | 8 | |
| Blacksmith | 1 | |
| Barracks | 1 | |
| Arcane Vault | 1 | |
| Lumber Mill | 1 | |
| Keep | 1 | |
| Town Hall | 2 | |
| Castle | 1 | |
| Gryphon Aviary | 1 | |
18 total
» build order
00:14 Altar of Kings
00:19 Farm
01:27 Blacksmith
01:34 Barracks
01:48 Farm
02:30 Farm
02:38 Arcane Vault
02:51 Lumber Mill
03:42 Farm
03:58 Keep
04:29 Farm
05:20 Farm
06:13 Town Hall
07:14 Castle
07:17 Gryphon Aviary
14:44 Town Hall
16:00 Farm
16:53 Farm
» items
| Scroll of Regeneration | 1 | |
| Scroll of Town Portal | 1 | |
2 total

»
Brock-Samson (
pink | 35 APM | 599 actions | 17:05)
3 Blademaster
1 Mirror Image
2 Critical Strike
» actions
| Assign group hotkey | 13 | |
| Basic commands | 11 | |
| Build / train | 40 | |
| Enter build submenu | 12 | |
| Enter hero's abilities submenu | 3 | |
| Give item / drop item | 1 | |
| Right click | 272 | |
| Select / deselect | 177 | |
| Select group hotkey | 14 | |
| Use ability | 56 | |
599 total
» units
| Peon | 7 | |
| Grunt | 6 | |
| Demolisher | 4 | |
| Raider | 9 | |
| Troll Batrider | 2 | |
28 total
» upgrades
» buildings
| Altar of Storms | 1 | |
| Orc Burrow | 8 | |
| Barracks | 1 | |
| Voodoo Lounge | 1 | |
| War Mill | 1 | |
| Stronghold | 1 | |
| Beastiary | 2 | |
15 total
» build order
00:06 Altar of Storms
00:09 Orc Burrow
00:41 Barracks
01:42 Orc Burrow
01:52 Voodoo Lounge
02:45 War Mill
03:37 Stronghold
04:44 Orc Burrow
07:13 Beastiary
07:16 Beastiary
08:27 Orc Burrow
14:42 Orc Burrow
14:43 Orc Burrow
14:44 Orc Burrow
14:47 Orc Burrow
» items
| Potion of Healing | 3 | |
| Scroll of Speed | 1 | |
| Scroll of Town Portal | 1 | |
| Orb of Lightning | 1 | |
6 total
FATNlGGERLOVER (
green | 146 APM | 5796 actions | 39:34)
7 Archmage
3 Summon Water Elemental
3 Brilliance Aura
1 Mass Teleport
1 Blademaster
1 Wind Walk
» actions
| Assign group hotkey | 113 | |
| Basic commands | 213 | |
| Build / train | 221 | |
| ESC pressed | 22 | |
| Enter build submenu | 50 | |
| Enter hero's abilities submenu | 8 | |
| Give item / drop item | 6 | |
| Right click | 1131 | |
| Select / deselect | 709 | |
| Select group hotkey | 2921 | |
| Use ability | 402 | |
5796 total
» units
| Peasant | 18 | |
| Footman | 4 | |
| Goblin Shredder | 4 | |
| Goblin Sapper | 16 | |
| Goblin Zeppelin | 14 | |
| Gryphon Rider | 17 | |
| Spell Breaker | 1 | |
| Dragonhawk Rider | 1 | |
75 total
» upgrades
| Masonry | 2 | |
| Swords | 3 | |
| Armor | 3 | |
| Animal War Training | 1 | |
| Storm Hammers | 1 | |
| Cloud | 1 | |
| Magic Sentry | 1 | |
| Sorceress Training | 2 | |
| Backpack | 1 | |
| Priest Training | 2 | |
| Control Magic | 1 | |
| Defend | 1 | |
| Long Rifles | 1 | |
| Plating | 2 | |
| Gunpowder | 2 | |
24 total
» buildings
| Altar of Kings | 1 | |
| Barracks | 1 | |
| Farm | 6 | |
| Arcane Vault | 1 | |
| Town Hall | 4 | |
| Lumber Mill | 1 | |
| Scout Tower | 44 | |
| Keep | 2 | |
| Guard Tower | 58 | |
| Castle | 2 | |
| Blacksmith | 1 | |
| Gryphon Aviary | 5 | |
| Arcane Tower | 8 | |
| Arcane Sanctum | 1 | |
135 total
» build order
01:11 Altar of Kings
01:13 Barracks
01:15 Farm
01:17 Farm
01:43 Farm
02:29 Farm
02:33 Arcane Vault
03:00 Farm
05:14 Town Hall
05:18 Lumber Mill
05:24 Scout Tower
05:24 Scout Tower
05:25 Scout Tower
05:26 Scout Tower
05:27 Scout Tower
05:28 Scout Tower
05:29 Scout Tower
05:30 Scout Tower
05:31 Scout Tower
05:32 Scout Tower
05:33 Scout Tower
05:34 Scout Tower
05:45 Keep
05:45 Keep
06:09 Guard Tower
06:10 Guard Tower
06:23 Guard Tower
06:24 Guard Tower
06:33 Guard Tower
06:33 Guard Tower
06:33 Guard Tower
06:43 Guard Tower
06:43 Guard Tower
06:54 Guard Tower
06:54 Guard Tower
06:54 Guard Tower
07:16 Guard Tower
07:16 Guard Tower
07:16 Guard Tower
07:25 Scout Tower
07:27 Scout Tower
07:28 Scout Tower
07:30 Scout Tower
07:33 Scout Tower
07:51 Farm
07:54 Guard Tower
07:55 Guard Tower
08:15 Guard Tower
09:07 Guard Tower
10:26 Castle
10:27 Castle
10:38 Blacksmith
11:49 Town Hall
11:54 Scout Tower
11:55 Scout Tower
11:56 Scout Tower
12:00 Scout Tower
12:01 Scout Tower
12:02 Scout Tower
12:03 Scout Tower
12:04 Scout Tower
12:05 Scout Tower
12:06 Scout Tower
12:13 Gryphon Aviary
12:16 Gryphon Aviary
12:24 Gryphon Aviary
12:28 Guard Tower
12:29 Guard Tower
12:29 Guard Tower
12:29 Guard Tower
12:30 Guard Tower
12:57 Guard Tower
15:05 Guard Tower
15:06 Guard Tower
16:45 Gryphon Aviary
16:46 Gryphon Aviary
22:17 Town Hall
22:19 Scout Tower
22:20 Scout Tower
22:23 Scout Tower
22:24 Scout Tower
22:25 Scout Tower
22:25 Scout Tower
22:25 Scout Tower
22:26 Scout Tower
23:05 Arcane Tower
23:08 Arcane Tower
23:08 Guard Tower
23:08 Guard Tower
23:09 Guard Tower
24:11 Guard Tower
24:12 Guard Tower
24:12 Guard Tower
24:12 Guard Tower
24:13 Guard Tower
24:13 Guard Tower
24:50 Scout Tower
24:51 Scout Tower
24:51 Scout Tower
24:52 Scout Tower
24:53 Scout Tower
25:03 Scout Tower
25:04 Scout Tower
25:04 Scout Tower
25:05 Scout Tower
25:22 Guard Tower
25:22 Guard Tower
25:44 Arcane Tower
25:44 Arcane Tower
25:45 Arcane Tower
25:45 Arcane Tower
25:48 Guard Tower
25:48 Guard Tower
25:49 Arcane Sanctum
26:17 Guard Tower
26:17 Guard Tower
30:09 Town Hall
» items
| Scroll of Regeneration | 12 | |
| Lesser Clarity Potion | 1 | |
| Scroll of Town Portal | 5 | |
| Potion of Healing | 1 | |
| Mechanical Critter | 5 | |
| Staff of Sanctuary | 1 | |
25 total

»
Mr.Miller (
teal | 50 APM | 997 actions | 20:05)
2 Blademaster
1 Wind Walk
1 Critical Strike
2 Shadow Hunter
1 Healing Wave
1 Hex
» actions
| Assign group hotkey | 24 | |
| Basic commands | 3 | |
| Build / train | 54 | |
| Enter build submenu | 20 | |
| Enter hero's abilities submenu | 4 | |
| Remove unit from queue | 2 | |
| Right click | 293 | |
| Select / deselect | 238 | |
| Select group hotkey | 303 | |
| Use ability | 56 | |
997 total
» units
| Peon | 11 | |
| Grunt | 4 | |
| Goblin Shredder | 1 | |
| Demolisher | 1 | |
| Wind Rider | 5 | |
| Shaman | 3 | |
| Troll Witch Doctor | 4 | |
| Troll Batrider | 4 | |
33 total
» upgrades
| Envenomed Spears | 1 | |
| Shaman Training | 2 | |
| Witch Doctor Training | 2 | |
| War Drums Damage Increase | 1 | |
6 total
» buildings
| Orc Burrow | 11 | |
| Altar of Storms | 1 | |
| Barracks | 1 | |
| Voodoo Lounge | 1 | |
| Stronghold | 1 | |
| War Mill | 1 | |
| Fortress | 1 | |
| Beastiary | 2 | |
| Spirit Lodge | 2 | |
| Great Hall | 1 | |
22 total
» build order
00:08 Orc Burrow
00:12 Altar of Storms
00:49 Orc Burrow
01:24 Barracks
02:20 Voodoo Lounge
02:56 Stronghold
03:54 Orc Burrow
04:59 War Mill
05:12 Orc Burrow
05:59 Fortress
07:33 Beastiary
08:03 Orc Burrow
08:54 Orc Burrow
08:56 Beastiary
09:24 Orc Burrow
09:51 Spirit Lodge
09:57 Spirit Lodge
11:14 Orc Burrow
12:13 Great Hall
15:40 Orc Burrow
16:38 Orc Burrow
19:20 Orc Burrow
» items
| Lesser Clarity Potion | 2 | |
| Healing Salve | 1 | |
| Orb of Lightning | 1 | |
| Scroll of Speed | 1 | |
5 total
team 2 (loser)
Wind-Fish (
orange | 24 APM | 951 actions | 39:33)
6 Blademaster
3 Wind Walk
2 Critical Strike
1 Bladestorm
2 Tauren Chieftain
1 War Stomp
1 Endurance Aura
» actions
| Assign group hotkey | 2 | |
| Basic commands | 23 | |
| Build / train | 58 | |
| Enter build submenu | 25 | |
| Enter hero's abilities submenu | 8 | |
| Give item / drop item | 1 | |
| Remove unit from queue | 1 | |
| Right click | 447 | |
| Select / deselect | 280 | |
| Select group hotkey | 7 | |
| Use ability | 99 | |
951 total
» units
| Peon | 13 | |
| Grunt | 7 | |
| Demolisher | 4 | |
| Goblin Zeppelin | 1 | |
| Shaman | 2 | |
| Troll Batrider | 1 | |
28 total
» upgrades
| Melee Weapons | 1 | |
| Armor | 2 | |
| Spiked Barricades | 1 | |
| Shaman Training | 2 | |
| Ranged Weapons | 2 | |
| Berserker Strength | 1 | |
9 total
» buildings
| Altar of Storms | 1 | |
| Orc Burrow | 7 | |
| Barracks | 1 | |
| Voodoo Lounge | 2 | |
| Stronghold | 1 | |
| War Mill | 1 | |
| Watch Tower | 6 | |
| Spirit Lodge | 1 | |
| Great Hall | 3 | |
| Fortress | 1 | |
| Beastiary | 1 | |
| Tauren Totem | 1 | |
26 total
» build order
00:16 Altar of Storms
00:21 Orc Burrow
00:46 Barracks
01:31 Orc Burrow
02:15 Voodoo Lounge
02:25 Voodoo Lounge
03:09 Orc Burrow
03:53 Stronghold
04:10 War Mill
05:31 Watch Tower
05:37 Watch Tower
06:01 Watch Tower
06:23 Spirit Lodge
08:17 Great Hall
08:31 Orc Burrow
09:53 Fortress
14:13 Beastiary
15:00 Tauren Totem
15:08 Watch Tower
15:56 Watch Tower
16:17 Great Hall
16:41 Orc Burrow
17:50 Orc Burrow
17:52 Orc Burrow
18:30 Watch Tower
20:24 Great Hall
» items
| Healing Salve | 2 | |
| Potion of Healing | 3 | |
| Orb of Lightning | 2 | |
| Potion of Mana | 1 | |
8 total

»
Laser-Lightning (
blue | 28 APM | 1108 actions | 39:33)
2 Mountain King
1 Storm Bolt
1 Bash
» actions
| Assign group hotkey | 15 | |
| Basic commands | 65 | |
| Build / train | 81 | |
| ESC pressed | 5 | |
| Enter build submenu | 42 | |
| Enter hero's abilities submenu | 2 | |
| Right click | 323 | |
| Select / deselect | 236 | |
| Select group hotkey | 271 | |
| Use ability | 68 | |
1108 total
» units
» upgrades
| Lumber Harvesting | 2 | |
| Masonry | 1 | |
| Barrage | 1 | |
| Gunpowder | 2 | |
| Plating | 2 | |
8 total
» buildings
| Altar of Kings | 1 | |
| Farm | 7 | |
| Scout Tower | 24 | |
| Lumber Mill | 1 | |
| Arcane Tower | 2 | |
| Guard Tower | 18 | |
| Keep | 1 | |
| Arcane Vault | 2 | |
| Castle | 1 | |
| Blacksmith | 1 | |
| Workshop | 2 | |
| Town Hall | 2 | |
62 total
» build order
00:07 Altar of Kings
00:10 Farm
00:16 Farm
00:55 Scout Tower
01:03 Lumber Mill
01:24 Arcane Tower
01:39 Scout Tower
01:54 Scout Tower
02:12 Guard Tower
02:34 Guard Tower
02:40 Scout Tower
02:50 Farm
03:22 Guard Tower
03:49 Scout Tower
03:50 Scout Tower
03:55 Scout Tower
04:03 Keep
04:16 Guard Tower
04:18 Guard Tower
04:23 Guard Tower
04:25 Scout Tower
04:31 Scout Tower
04:37 Scout Tower
04:42 Scout Tower
04:53 Guard Tower
04:58 Guard Tower
05:04 Scout Tower
05:06 Guard Tower
05:17 Scout Tower
05:20 Guard Tower
05:28 Scout Tower
05:36 Scout Tower
05:39 Farm
05:43 Guard Tower
05:46 Scout Tower
05:52 Guard Tower
06:08 Guard Tower
06:10 Scout Tower
06:29 Guard Tower
06:43 Guard Tower
07:10 Scout Tower
07:14 Scout Tower
07:23 Guard Tower
07:33 Scout Tower
07:40 Scout Tower
07:52 Arcane Vault
07:58 Castle
09:37 Blacksmith
10:43 Scout Tower
11:39 Arcane Tower
11:52 Workshop
12:09 Arcane Vault
12:37 Scout Tower
13:58 Guard Tower
14:42 Workshop
16:03 Scout Tower
17:06 Guard Tower
17:38 Farm
17:42 Farm
20:00 Farm
25:03 Town Hall
26:58 Town Hall
» items
| Orb of Fire | 1 | |
| Lesser Clarity Potion | 1 | |
| Scroll of Regeneration | 1 | |
| Potion of Healing | 1 | |
4 total
TheBatman (
yellow | 62 APM | 2470 actions | 39:33)
8 Archmage
3 Summon Water Elemental
3 Brilliance Aura
1 Mass Teleport
1 Blizzard
» actions
| Assign group hotkey | 24 | |
| Basic commands | 256 | |
| Build / train | 76 | |
| Enter build submenu | 45 | |
| Enter hero's abilities submenu | 8 | |
| Give item / drop item | 1 | |
| Right click | 734 | |
| Select / deselect | 350 | |
| Select group hotkey | 835 | |
| Use ability | 141 | |
2470 total
» units
| Peasant | 12 | |
| Footman | 4 | |
| Goblin Shredder | 1 | |
| Gryphon Rider | 4 | |
| Dragonhawk Rider | 9 | |
| Goblin Sapper | 2 | |
32 total
» upgrades
| Masonry | 3 | |
| Storm Hammers | 1 | |
| Swords | 3 | |
| Armor | 3 | |
| Animal War Training | 1 | |
| Cloud | 1 | |
12 total
» buildings
| Altar of Kings | 1 | |
| Barracks | 1 | |
| Farm | 10 | |
| Keep | 1 | |
| Arcane Vault | 1 | |
| Lumber Mill | 1 | |
| Castle | 1 | |
| Town Hall | 4 | |
| Scout Tower | 31 | |
| Guard Tower | 5 | |
| Gryphon Aviary | 4 | |
| Blacksmith | 2 | |
| Arcane Sanctum | 1 | |
63 total
» build order
00:47 Altar of Kings
00:49 Barracks
00:51 Farm
00:55 Farm
01:05 Farm
01:57 Farm
03:20 Keep
03:39 Arcane Vault
03:42 Farm
04:35 Lumber Mill
05:44 Castle
07:00 Town Hall
07:03 Scout Tower
07:03 Scout Tower
07:04 Scout Tower
07:05 Scout Tower
07:48 Guard Tower
08:51 Gryphon Aviary
08:54 Blacksmith
08:57 Gryphon Aviary
08:59 Gryphon Aviary
09:00 Gryphon Aviary
09:03 Blacksmith
11:23 Scout Tower
11:24 Scout Tower
11:25 Scout Tower
11:26 Scout Tower
11:28 Scout Tower
11:28 Scout Tower
11:30 Scout Tower
11:32 Scout Tower
11:35 Scout Tower
11:37 Scout Tower
11:38 Scout Tower
12:08 Guard Tower
12:30 Guard Tower
14:06 Farm
14:07 Farm
14:08 Farm
14:16 Farm
14:42 Farm
16:44 Town Hall
16:46 Scout Tower
16:46 Scout Tower
16:47 Scout Tower
16:48 Scout Tower
16:49 Scout Tower
16:50 Scout Tower
16:50 Scout Tower
16:51 Scout Tower
18:49 Guard Tower
20:18 Town Hall
20:21 Scout Tower
20:21 Scout Tower
20:21 Scout Tower
20:22 Scout Tower
20:23 Scout Tower
20:24 Scout Tower
20:24 Scout Tower
20:25 Scout Tower
20:31 Arcane Sanctum
22:54 Guard Tower
24:24 Town Hall
» items
| Scroll of Regeneration | 6 | |
| Mechanical Critter | 5 | |
| Scroll of Town Portal | 2 | |
| Potion of Healing | 3 | |
16 total
SUMMONER_YUNA (
red | 41 APM | 1631 actions | 39:33)
9 Paladin
3 Holy Light
3 Divine Shield
1 Resurrection
2 Devotion Aura
» actions
| Assign group hotkey | 40 | |
| Basic commands | 88 | |
| Build / train | 62 | |
| Enter build submenu | 18 | |
| Enter hero's abilities submenu | 9 | |
| Remove unit from queue | 1 | |
| Right click | 572 | |
| Select / deselect | 236 | |
| Select group hotkey | 499 | |
| Use ability | 106 | |
1631 total
» units
| Peasant | 9 | |
| Rifleman | 8 | |
| Sorceress | 1 | |
| Goblin Sapper | 4 | |
22 total
» upgrades
| Gunpowder | 3 | |
| Long Rifles | 1 | |
| Lumber Harvesting | 2 | |
| Masonry | 2 | |
| Magic Sentry | 1 | |
| Sorceress Training | 2 | |
| Armor | 1 | |
| Priest Training | 1 | |
13 total
» buildings
| Altar of Kings | 1 | |
| Farm | 10 | |
| Blacksmith | 1 | |
| Barracks | 2 | |
| Scout Tower | 14 | |
| Arcane Tower | 4 | |
| Arcane Vault | 1 | |
| Keep | 1 | |
| Lumber Mill | 1 | |
| Castle | 1 | |
| Arcane Sanctum | 3 | |
39 total
» build order
00:09 Altar of Kings
00:20 Farm
00:31 Blacksmith
01:26 Barracks
01:50 Farm
02:15 Scout Tower
02:19 Barracks
02:44 Farm
02:53 Arcane Tower
03:23 Arcane Vault
04:44 Keep
04:51 Farm
04:52 Farm
04:52 Farm
04:53 Farm
05:34 Farm
05:34 Farm
06:56 Scout Tower
06:56 Scout Tower
06:57 Scout Tower
06:58 Scout Tower
06:58 Scout Tower
06:59 Scout Tower
07:00 Scout Tower
08:05 Lumber Mill
08:08 Arcane Tower
08:46 Arcane Tower
10:10 Castle
11:53 Farm
13:14 Arcane Sanctum
13:15 Arcane Sanctum
13:50 Scout Tower
13:50 Scout Tower
13:50 Scout Tower
13:51 Scout Tower
13:51 Scout Tower
13:52 Scout Tower
15:14 Arcane Sanctum
15:30 Arcane Tower
» items
| Scroll of Regeneration | 2 | |
| Lesser Clarity Potion | 1 | |
| Scroll of Town Portal | 2 | |
| Potion of Mana | 2 | |
| Healing Salve | 2 | |
9 total
Chat log
(00:09 / All) FATNlGGERLOVER: Damn Golems is popping up a lot
(00:14 / All) TheBatman: Frank Miller, we meet again
(00:15 / All) SUMMONER_YUNA: yea
(00:16 / All) FATNlGGERLOVER: This map gets old fast when it's around this much
(00:24 / Allies) Mr.Miller: what untis all?
(00:26 / All) FATNlGGERLOVER: almost as bad as getting Mur'gul so many times in a row
(00:33 / Allies) FATNlGGERLOVER: Yes
(00:46 / All) SUMMONER_YUNA: i been wanting to spawn on murgol
(00:54 / All) FATNlGGERLOVER: I have it vetoed since I got tired of it
(01:11 / All) SUMMONER_YUNA: ill always veto dragon falls i hate that map dont know why
(01:28 / All) FATNlGGERLOVER: You should unveto it and I'll unveto Mur'gul
(01:34 / All) SUMMONER_YUNA: k
(01:35 / All) FATNlGGERLOVER: I miss that map even though it sucked ass
(01:41 / All) SUMMONER_YUNA: ill down this one
(02:00 / All) SUMMONER_YUNA: just so u guys know, me and green are in a clan together
(02:05 / All) SUMMONER_YUNA: reqs are 49%
(02:06 / All) FATNlGGERLOVER: What
(02:08 / All) FATNlGGERLOVER: No we're not
(02:08 / Allies) listen_2_blink: units?
(02:11 / All) FATNlGGERLOVER: We're not clan mates
(02:18 / All) FATNlGGERLOVER: Nothing fishy going on with 3 levels 1s in the same game
(03:04 / All) FATNlGGERLOVER: what the fuck
(03:07 / All) FATNlGGERLOVER: level 1 mk harass????
(03:16 / Allies) Mr.Miller: its working
(03:17 / All) FATNlGGERLOVER: you for real?
(03:19 / All) FATNlGGERLOVER: It killed 1 peasant
(03:30 / All) FATNlGGERLOVER: absolutely disgusting
(03:38 / Allies) Mr.Miller: im going wyvs
(03:39 / Allies) Mr.Miller: frost
(03:44 / Allies) Mr.Miller: shaman
(03:45 / Allies) Mr.Miller: docs
(03:46 / Allies) Mr.Miller: i mean
(04:08 / All) FATNlGGERLOVER: Oh can you fuck off and go creep?
(04:11 / All) FATNlGGERLOVER: Your harass does fuck all
(04:16 / All) SUMMONER_YUNA: u arent really rolling on floor laughing are u
(05:28 / All) TheBatman: Red is the type of faggot that would watch Angels in the Outfield and enjoy it
(05:39 / All) SUMMONER_YUNA: i did lol
(05:44 / All) SUMMONER_YUNA: That lil kid plays in the dark night rises
(06:06 / Allies) Mr.Miller: wtf
(06:39 / All) SUMMONER_YUNA: the fat guy?
(06:47 / All) SUMMONER_YUNA: i know he was on 3rd rock from sun
(07:19 / Allies) listen_2_blink: ill get cloud
(07:35 / Allies) FATNlGGERLOVER: ty purp
(09:48 / Allies) FATNlGGERLOVER: That wasn't a very good tp
(09:49 / Allies) FATNlGGERLOVER: you can aim them
(10:24 / All) TheBatman: You're dead pink
(10:47 / All) TheBatman: You're fucking dead
(11:02 / Allies) FATNlGGERLOVER: ty pink
(11:38 / Allies) Mr.Miller: can you finish the towers
(12:04 / All) TheBatman: I know where you live
(12:54 / Allies) listen_2_blink: gold?
(13:00 / Allies) FATNlGGERLOVER: I don't have much
(13:04 / Allies) FATNlGGERLOVER: and saving for t3 air
(13:05 / Allies) listen_2_blink: ok
(13:12 / Allies) Brock-Samson: tp you fuckers
(13:17 / Allies) Mr.Miller: have nothing
(13:19 / Allies) Mr.Miller: help gys
(13:19 / All) TheBatman: enjoy the wards you motherfucker
(14:01 / All) FATNlGGERLOVER: lucky as shit
(14:03 / All) TheBatman: What, are you retarded or something? Don't you know that I'm the goddamn Batman?
(14:31 / All) Brock-Samson: yellow suck on a baby dick and stfu
(14:47 / Allies) listen_2_blink: lumb?
(16:13 / Allies) listen_2_blink: b
(16:15 / Allies) listen_2_blink: no pink
(16:23 / Allies) Mr.Miller: im back
(16:29 / Allies) listen_2_blink: ok
(16:38 / All) Brock-Samson: dude wtf
(16:41 / Allies) Mr.Miller: what?
(16:42 / Allies) Mr.Miller: i lost all units
(16:46 / Allies) Mr.Miller: just a hero left
(16:49 / Allies) Mr.Miller: said i was bback
(16:49 / All) Brock-Samson: no u purp
(16:50 / Allies) Mr.Miller: need help
(16:57 / All) SUMMONER_YUNA: it was 2v2 lol
(17:28 / All) TheBatman: Don't fuck with the Dark Knight
(17:35 / All) SUMMONER_YUNA: dont fuck with robin!
(18:05 / All) Mr.Miller: pretty easy when your team doesn't want to help
(18:06 / Allies) Mr.Miller: a
(18:30 / All) TheBatman: I warned you
(18:34 / All) TheBatman: I warned you not to fuck with me!
(18:42 / All) TheBatman: And I believe you have my stapler!
(18:43 / All) Mr.Miller: you did...green has 5000 gold
(19:35 / All) SUMMONER_YUNA: do oj hack??
(19:52 / All) Mr.Miller: no tp purp?
(19:55 / All) Mr.Miller: really noobs?
(20:01 / All) TheBatman: go ahead and tp purple
(22:28 / All) TheBatman: Get out, this is my Gotham
(22:42 / All) TheBatman: The League of Shadows, in my Gotham?
(22:55 / All) SUMMONER_YUNA: FORMER MEMBER OF HTE LEAGUE OF SHADOWS!!!!!!!!!!!
(25:44 / All) TheBatman: lol
(25:46 / All) TheBatman: that lost shot
(25:50 / All) TheBatman: Picture perfect
(28:19 / All) TheBatman: Orange is a member of the league of shadowsa
(28:22 / All) TheBatman: as is blue
(28:31 / All) FATNlGGERLOVER: Then they shall be put to death
(28:46 / All) SUMMONER_YUNA: everytime i hear league of shadows i think of skyrim
(28:52 / All) SUMMONER_YUNA: and how disappointing the warriors guild questline was
(32:42 / All) SUMMONER_YUNA: i cant decide if i want a ps3 or laptop for xmas
(32:54 / All) TheBatman: Get a laptop
(33:02 / All) FATNlGGERLOVER: I'd personally get more use out of a laptop so I'd recommend that
(33:06 / All) TheBatman: then you can play any game for free
(33:10 / All) SUMMONER_YUNA: ps3 onlien gaming is free tho
(33:15 / All) TheBatman: you have to buy the games
(33:16 / All) FATNlGGERLOVER: so is PC gaming
(33:26 / All) SUMMONER_YUNA: oh yeah
(33:34 / All) SUMMONER_YUNA: ill only play wc3 on it hto
(35:06 / All) SUMMONER_YUNA: ya killed the whore
(35:14 / All) TheBatman: She was irksome
(35:17 / All) SUMMONER_YUNA: i saw a good movie about medieval times today
(35:23 / All) SUMMONER_YUNA: same director who did starship troopers
(35:26 / All) SUMMONER_YUNA: it was called flesh and blood
(35:31 / All) TheBatman: Blood + Fire
(35:33 / All) TheBatman: oh
(35:42 / All) SUMMONER_YUNA: it wsa really good had a lot of rape scenes
(36:14 / All) SUMMONER_YUNA: and the best sci fi movie ever starship troopers
(36:24 / All) TheBatman: that's a 6/10 movie
(36:32 / All) SUMMONER_YUNA: wuts ur fav
(36:35 / All) TheBatman: Scifi?
(36:37 / All) TheBatman: Alien
(36:40 / All) TheBatman: And Moon
(36:41 / All) SUMMONER_YUNA: besides that
(36:49 / All) TheBatman: and Robocop
(36:49 / All) SUMMONER_YUNA: my dad doesnt liike signourey weaver
(37:06 / All) TheBatman: They had to have the "strong female" in every one of them
(37:10 / All) TheBatman: even Prometheus
(37:21 / All) TheBatman: they're ruining The Hobbit
(37:27 / All) SUMMONER_YUNA: how
(37:29 / All) TheBatman: They put a bunch of niggers and asians in the crowd at Bree lol
(37:41 / All) TheBatman: and the elf supergirl
(37:46 / All) SUMMONER_YUNA: hobbit 2 u mean
(37:53 / All) TheBatman: It's all the hobbit
(38:06 / All) TheBatman: Peter Jackson is a fat POS
(38:14 / All) TheBatman: His wife had the idea for the elf bitch
(38:18 / All) SUMMONER_YUNA: i tried watching alien 3 other day i couldnt finish it it was too brown and grey
(38:19 / All) TheBatman: They should have never let him direct them
(38:34 / All) SUMMONER_YUNA: isnt the lotr trilogy like the highest grossign films ever
(38:47 / All) TheBatman: Probably Hunger Games now
(39:19 / All) FATNlGGERLOVER: End it?